Map: [ESL] Hecate

Players

Strange - Winner!

  • Race: Protoss Protoss
  • League: Grandmaster
  • Spawn Location: 1:00

goblin

  • Race: Protoss Protoss
  • League: Grandmaster
  • Spawn Location: 7:00

Event: IEM Katowice 2024

VOD

Have the link to the VOD?

Description

Time

  • Played on: Dec. 7, 2023, 2:33 p.m.
  • Length: 11:15

All games in this series

Show
View Real Time Build Order
Export as new Build Order

Strange Protoss - Winner!

Build Orders: Blink Stalkers, Chargelot Immortal 

Get SALT Encoding   

  12  0:00  Probe  
  13  0:12  Probe  
  14  0:17  Pylon  
  14  0:24  Probe  
  15  0:35  Gateway  
  15  0:37  Probe (Chrono Boost)  
  16  0:46  Assimilator, Probe (Chrono Boost)  
  17  0:51  Probe (Chrono Boost)  
  17  0:54  Assimilator  
  18  1:03  Probe (Chrono Boost)  
  19  1:06  Gateway  
  19  1:12  Probe (Chrono Boost)  
  19  1:17  Probe (Chrono Boost)  
  20  1:22  Cybernetics Core  
  21  1:29  Probe  
  22  1:33  Pylon  
  22  1:41  Probe  
  23  1:53  Probe  
  24  2:00  Adept  
  26  2:03  Adept  
  26  2:06  Warp Gate (Chrono Boost)  
  28  2:10  Probe, Pylon  
  29  2:29  Sentry  
  29  2:33  Stalker  
  33  2:53  Nexus, Sentry  
  33  2:55  Pylon  
  33  2:57  Probe (Chrono Boost)  
  35  3:09  Probe (Chrono Boost)  
  36  3:15  Probe (Chrono Boost)  
  36  3:17  Twilight Council  
  33  3:25  Stalker  
  35  3:27  Probe  
  36  3:36  Shield Battery  
  36  3:39  Probe  
  37  3:48  Blink (Chrono Boost), Stalker  
  39  3:51  Probe  
  40  4:03  Dark Shrine, Probe  
  40  4:06  Probe  
  42  4:15  Probe  
  43  4:18  Probe  
  43  4:20  Adept x2  
  48  4:27  Probe  
  48  4:30  Probe  
  50  4:34  Pylon  
  50  4:36  Assimilator  
  50  4:40  Probe  
  50  4:42  Probe, Stalker  
  54  4:52  Probe  
  55  4:54  Probe  
  55  4:59  Stalker  
  54  5:04  Probe  
  54  5:06  Probe  
  56  5:15  Dark Templar  
  56  5:20  Dark Templar  
  60  5:22  Probe  
  60  5:23  Nexus  
  60  5:25  Pylon  
  61  5:29  Probe  
  61  5:31  Robotics Facility  
  61  5:34  Probe  
  63  5:43  Pylon  
  63  5:44  Gateway  
  63  5:49  Stalker  
  65  5:50  Stalker  
  65  5:57  Probe  
  65  6:02  Probe  
  67  6:05  Forge  
  67  6:09  Probe  
  67  6:10  Shield Battery  
  68  6:15  Probe  
  69  6:21  Stalker x2, Probe  
  69  6:22  Observer  
  75  6:27  Probe (Chrono Boost)  
  76  6:33  Protoss Ground Weapons Level 1 (Chrono Boost)  
  76  6:34  Pylon  
  76  6:36  Immortal (Chrono Boost)  
  76  6:37  Probe x2 (Chrono Boost)  
  79  6:45  Probe (Chrono Boost)  
  79  6:46  Probe (Chrono Boost)  
  85  6:48  Probe (Chrono Boost)  
  85  6:51  Probe x2 (Chrono Boost)  
  85  6:56  Stalker x3  
  85  6:57  Probe  
  85  7:01  Assimilator  
  92  7:03  Probe x2  
  92  7:04  Pylon  
  94  7:10  Charge  
  94  7:12  Immortal (Chrono Boost), Probe  
  94  7:15  Pylon  
  99  7:25  Gateway  
  99  7:27  Gateway x2  
  99  7:28  Gateway  
  99  7:32  Gateway  
  99  7:39  Templar Archives  
  99  7:42  Immortal (Chrono Boost)  
  103  7:48  Zealot x3  
  109  7:56  Pylon  
  109  8:06  Gateway  
  109  8:07  Warp Prism (Chrono Boost)  
  109  8:08  Gateway  
  109  8:14  Stalker x3  
  109  8:17  Protoss Ground Weapons Level 2 (Chrono Boost)  
  115  8:25  Observer  
  112  8:34  Pylon  
  112  8:36  Observer, Immortal (Chrono Boost)  
  112  8:39  Stalker x2  
  112  8:40  Stalker x2  
  124  8:51  Pylon  
  124  8:52  Pylon  
  124  8:53  Zealot x4  
  132  9:02  Pylon  
  132  9:14  High Templar x2  
  132  9:15  Zealot x6  
  148  9:19  Archon  
  148  9:30  Zealot x2  
  134  9:36  Zealot x6  
  136  9:49  Zealot  
  138  9:53  Zealot x3  
  138  9:59  Zealot x5  
  152  10:02  Pylon  
  144  10:11  Zealot x2  
  132  10:19  Zealot x5  
  130  10:26  Zealot x3  
  134  10:33  High Templar x2  
  132  10:38  Archon  
  132  10:42  High Templar x3  
  132  10:43  High Templar, Zealot  
  132  10:47  Archon x2  
  134  10:54  Zealot x3  
  134  11:04  Pylon  
  134  11:06  Zealot x3  
  134  11:09  Nexus  
Show
View Real Time Build Order
Export as new Build Order

goblin Protoss 

Build Orders: Phoenix Opening 

Get SALT Encoding   

  12  0:00  Probe  
  13  0:12  Probe  
  14  0:18  Pylon  
  14  0:24  Probe (Chrono Boost)  
  15  0:36  Probe (Chrono Boost)  
  15  0:38  Gateway  
  16  0:45  Probe (Chrono Boost)  
  16  0:46  Assimilator  
  17  0:50  Probe  
  17  0:54  Assimilator  
  18  1:03  Probe (Chrono Boost)  
  19  1:07  Gateway  
  19  1:12  Probe (Chrono Boost)  
  19  1:17  Probe (Chrono Boost)  
  20  1:25  Cybernetics Core  
  21  1:29  Probe  
  22  1:34  Pylon  
  22  1:41  Probe  
  23  1:53  Probe  
  24  2:02  Sentry, Stalker  
  24  2:03  Warp Gate  
  24  2:05  Probe  
  29  2:11  Pylon  
  29  2:20  Probe  
  29  2:22  Shield Battery  
  30  2:29  Stalker  
  32  2:35  Phoenix  
  32  2:36  Sentry  
  34  2:47  Nexus  
  34  2:58  Robotics Facility  
  34  3:04  Probe  
  32  3:16  Probe  
  31  3:28  Probe (Chrono Boost)  
  31  3:31  Twilight Council  
  32  3:41  Probe (Chrono Boost)  
  33  3:47  Probe (Chrono Boost)  
  34  3:53  Stalker x2  
  34  3:55  Probe (Chrono Boost)  
  38  3:59  Probe (Chrono Boost)  
  40  4:05  Blink (Chrono Boost)  
  40  4:07  Probe (Chrono Boost)  
  42  4:10  Probe (Chrono Boost)  
  42  4:12  Probe (Chrono Boost)  
  42  4:14  Probe (Chrono Boost)  
  44  4:21  Nexus  
  44  4:23  Probe  
  45  4:26  Sentry, Probe  
  45  4:30  Pylon  
  48  4:34  Stalker  
  48  4:36  Probe  
  52  4:38  Probe  
  52  4:41  Phoenix  
  52  4:47  Gateway  
  52  4:49  Robotics Facility  
  52  4:50  Probe  
  50  5:00  Probe  
  50  5:04  Probe  
  50  5:05  Stalker x2  
  56  5:13  Shield Battery, Probe  
  57  5:16  Probe  
  58  5:22  Assimilator  
  58  5:26  Pylon  
  58  5:28  Probe (Chrono Boost)  
  59  5:30  Probe (Chrono Boost)  
  59  5:35  Probe (Chrono Boost)  
  61  5:36  Gateway, Forge  
  61  5:38  Observer (Chrono Boost)  
  61  5:39  Pylon  
  62  5:47  Cybernetics Core  
  61  5:50  Pylon  
  61  5:51  Observer (Chrono Boost)  
  61  5:55  Probe  
  61  5:56  Probe  
  62  6:01  Probe  
  63  6:06  Stalker x2  
  63  6:08  Probe  
  63  6:11  Stalker  
  69  6:13  Probe  
  69  6:17  Probe  
  71  6:21  Probe  
  72  6:26  Probe (Chrono Boost)  
  72  6:29  Probe (Chrono Boost)  
  72  6:30  Protoss Ground Weapons Level 1 (Chrono Boost), Stalker x2  
  78  6:33  Pylon  
  78  6:34  Probe (Chrono Boost)  
  78  6:38  Probe (Chrono Boost)  
  81  6:41  Probe (Chrono Boost)  
  81  6:44  Probe (Chrono Boost)  
  81  6:48  Probe x2 (Chrono Boost)  
  81  6:49  Probe (Chrono Boost)  
  81  6:50  Stalker  
  81  6:52  Stalker  
  88  6:56  Probe  
  88  6:57  Probe  
  88  7:00  Gateway  
  90  7:02  Gateway  
  90  7:05  Gateway  
  90  7:08  Pylon  
  90  7:12  Stalker  
  92  7:15  Photon Cannon  
  92  7:16  Warp Prism  
  92  7:21  Pylon  
  92  7:29  Stalker x3  
  100  7:33  Pylon  
  100  7:34  Charge (Chrono Boost)  
  100  7:42  Stalker  
  102  7:44  Assimilator  
  102  7:53  Pylon  
  102  7:57  Stalker x4  
  110  8:01  Stalker x2  
  110  8:05  Pylon  
  114  8:18  Stalker  
  116  8:21  Observer  
  116  8:25  Protoss Ground Weapons Level 2 (Chrono Boost)  
  112  8:28  Probe x2  
  114  8:45  Zealot x7, Immortal (Chrono Boost)  
  114  8:46  Nexus  
  114  8:47  Pylon  
  130  9:02  Shield Battery  
  130  9:05  Probe x2  
  130  9:08  Stalker  
  130  9:09  Zealot x3  
  137  9:21  Pylon  
  137  9:23  Pylon  
  135  9:25  Pylon  
  124  9:36  Zealot x3  
  124  9:37  Zealot x4  
  121  9:50  Shield Battery  
  121  9:59  Zealot x6  
  128  10:00  Zealot  
  128  10:02  Probe x2  
  128  10:06  Shield Battery  
  103  10:21  Immortal (Chrono Boost)  
  103  10:22  Zealot x6  
  103  10:23  Zealot  
  99  10:43  Stalker x7  
  105  11:09  Zealot x7  

Tags
 
Add a new tag
Caveats
  • Supply blocks, unpowered buildings, or Contaminate may cause inaccurate times.
  • Supply counts are checked every 10 seconds.